 Dungeon Crawl Stone Soup version 0.21-a0-402-gcbae7d1 (webtiles) character file.

111 Mitsuki the Skirmisher (level 4, -4/41 HPs)
             Began as a Hill Orc Fighter on Oct 26, 2017.
             Slain by Jotun's ghost (7 damage)
             ... on level 3 of the Dungeon.
             The game lasted 00:02:45 (1877 turns).

Mitsuki the Skirmisher (Hill Orc Fighter)           Turns: 1877, Time: 00:02:45

Health: -4/41      AC:  9    Str: 19    XL:     4   Next: 92%
Magic:  4/4        EV:  7    Int:  8    God:
Gold:   85         SH:  8    Dex: 10    Spells: 3/3 levels left

rFire    . . .     SeeInvis .   a - +0 flail
rCold    . . .     Gourm    .   c - +0 shield
rNeg     . . .     Faith    .   b - +0 scale mail
rPois    .         Spirit   .   (no helmet)
rElec    .         Reflect  .   (no cloak)
rCorr    .         Harm     .   (no gloves)
MR       .....                  (no boots)
Stlth    ..........             (no amulet)
HPRegen  0.13/turn              i - +3 ring of protection
MPRegen  0.09/turn              (no ring)

@: heavily drained
A: no striking features
a: no special abilities


You were on level 3 of the Dungeon.
You were hungry.

You visited 1 branch of the dungeon, and saw 3 of its levels.

You collected 85 gold pieces.

Inventory:

Hand Weapons
 a - a +0 flail (weapon)
Armour
 b - a +0 scale mail (worn)
 c - a +0 shield (worn)
Jewellery
 i - a +3 ring of protection (left hand)
 m - an uncursed amulet of harm
Scrolls
 e - a scroll of remove curse {unknown}
 h - a scroll of enchant armour {unknown}
 k - a scroll of fog {unknown}
 l - a scroll of identify {unknown}
 n - a scroll of noise {unknown}
 p - a scroll of amnesia {unknown}
Potions
 d - 2 potions of might
 j - 3 potions of flight {unknown}
Comestibles
 f - 2 bread rations
 g - 2 chunks of flesh
 o - 4 fruits


   Skills:
 + Level 4.5(2.9) Fighting
 + Level 3.2(1.6) Maces & Flails
 + Level 4.1(2.5) Armour
 + Level 4.1(2.5) Shields


You had 3 spell levels left.
You didn't know any spells.

Dungeon Overview and Level Annotations

Branches:
Dungeon (3/15)

Altars:

Annotations:
D:3 Jotun's ghost, amateur OgSk


Message History

Jotun's ghost is moderately damaged.
You block Jotun's ghost's attack.
Your scale mail prevents you from hitting Jotun's ghost.
Jotun's ghost is moderately damaged.
You block Jotun's ghost's attack.
Your shield prevents you from hitting Jotun's ghost.
Jotun's ghost is moderately damaged.
The white imp disappears in a puff of smoke!
Jotun's ghost hits you!
* * * LOW HITPOINT WARNING * * *
Jotun's ghost gestures wildly while chanting.
You hit Jotun's ghost.
Jotun's ghost is moderately damaged.
Jotun's ghost closely misses you.
You take 6 damage, and have 3/41 hp.
You thump Jotun's ghost!
Jotun's ghost is heavily damaged.
Jotun's ghost screams, "You must not fail where I succeeded!"
Jotun's ghost hits you!
You die...

#.........#
##.....#### .# ##...##
.# ##.## .# #.# ##.##
#.# #... #.# ##.##
##.########...######.#
#........@W..........#
##.########5..######?#
### ####...######...
#........!......
#............(..
#...............
####............
#...#.......#
#...#.......#


You could see Jotun's ghost and a crimson imp.

Vanquished Creatures
  Terence (D:2)
  2 adders (D:2)
  6 dart slugs (D:2)
  2 leopard geckos
  An orc (D:3)
  6 bats (D:1)
  5 giant cockroaches
  4 goblins
  4 hobgoblins
  4 jackals (D:2)
  3 quokkas
  4 frilled lizards (D:1)
  3 kobolds
  4 rats
49 creatures vanquished.

Notes
Turn   | Place    | Note
-------+----------+-------------------------------------------
     0 | D:1      | Mitsuki the Hill Orc Fighter began the quest for the Orb.
     0 | D:1      | Reached XP level 1. HP: 19/19 MP: 1/1
   147 | D:1      | Reached XP level 2. HP: 16/27 MP: 2/2
   639 | D:1      | Reached XP level 3. HP: 33/33 MP: 3/3
  1030 | D:2      | Noticed Terence
  1043 | D:2      | Killed Terence
  1043 | D:2      | Reached XP level 4. HP: 36/40 MP: 4/4
  1832 | D:3      | Noticed Jotun's ghost (amateur OgSk)
  1877 | D:3      | Slain by Jotun's ghost

Vault maps used:
D:1:      dpeg_arrival_windows_large_door
D:2:      uniq_terence
D:3:      lemuel_round_altar, chequers_ecumenical_altar_simple, uniq_jessica,
          uniq_grinder

Skill      XL: |  1  2  3  4 |
---------------+-------------+-----
Fighting       | 4 |  4.5
Maces & Flails | 3 |  3.2
Armour         | 4 |  4.1
Shields        | 4 |  4.1

Action                   |  1- 3 |  4- 6 || total
-------------------------+-------+-------++-------
Melee: Flail             |   109 |   106 ||   215
  Eat: Chunk             |     1 |     2 ||     3
Armor: Scale mail        |    55 |    48 ||   103
Dodge: Dodged            |    40 |    33 ||    73
Block: Shield            |    67 |    38 ||   105

Table legend:
 A = Spawn XP
 B = Non-spawn XP
 C = Spawn XP percentage of total XP
 D = Spawn monster count
 E = Non-spawn monster count
 F = Spawn count percentage of total count
 G = Total turns spent on level
                    A         B        C        D         E        F      G
               +---------+---------+-------+---------+---------+-------+---------
         Total |       0 |     159 |   0.0 |       0 |      49 |   0.0 |  1877
               +---------+---------+-------+---------+---------+-------+---------
           D:1 |       0 |      38 |   0.0 |       0 |      22 |   0.0 |   940
           D:2 |       0 |     113 |   0.0 |       0 |      23 |   0.0 |   781
           D:3 |       0 |       8 |   0.0 |       0 |       4 |   0.0 |   156
               +---------+---------+-------+---------+---------+-------+---------
